 Dungeon Crawl Stone Soup version 0.30.1-4-g462c640d31 (webtiles) character file.

Game seed: 313588305877476335

202 pkoi the Chopper (level 5, -1/47 HPs)
             Began as a Minotaur Gladiator on Aug 30, 2023.
             Slain by Grinder (3 damage)
             ... while paralysed by Grinder
             ... on level 3 of the Dungeon.
             The game lasted 00:02:02 (2147 turns).

pkoi the Chopper (Minotaur Gladiator)               Turns: 2147, Time: 00:02:02

Health: -1/47      AC:  4    Str: 21    XL:     5   Next: 50%
Magic:  4/4        EV:  2    Int:  5    God:
Gold:   125        SH:  0    Dex:  7    Spells: 4/4 levels left

rFire   + . .        t - +3 whip of Nightmares {venom, rPois rF+ Will+ Dex-4}
rCold   . . .        (no shield)
rNeg    . . .        b - +0 leather armour
rPois   +            c - +0 hat
rElec   .            (no cloak)
rCorr   .            (no gloves)
SInv    .            s - +0 pair of boots
Will    +....        (no amulet)
Stlth   +            (no ring)
HPRegen 0.27/turn    (no ring)
MPRegen 0.09/turn

%: no passive effects
@: paralysed
A: horns 2, retaliatory headbutt
a: no special abilities


You were on level 3 of the Dungeon.
You visited 1 branch of the dungeon, and saw 3 of its levels.

You collected 125 gold pieces.

Inventory:

Hand Weapons
 a - a +0 war axe
 t - the +3 whip of Nightmares (weapon) {venom, rPois rF+ Will+ Dex-4}
   (You found it on level 3 of the Dungeon)

   Dex:       It affects your dexterity (-4).
   rF:        It protects you from fire.
   rPois:     It protects you from poison.
   Will:      It increases your willpower.
Missiles
 d - 3 throwing nets (quivered)
 e - a javelin
Armour
 b - a +0 leather armour (worn)
 c - a +0 hat (worn)
 s - a +0 pair of boots (worn)
Scrolls
 h - 5 scrolls of identify {unknown}
 j - a scroll of fear {unknown}
 l - a scroll of enchant armour {unknown}
 m - a scroll of poison {unknown}
 o - 2 scrolls of noise {unknown}
 p - a scroll of summoning {unknown}
 q - a scroll of amnesia {unknown}
 r - a scroll of brand weapon {unknown}
Potions
 f - a potion of ambrosia {unknown}
 g - 2 potions of cancellation {unknown}
 i - a potion of might {unknown}
 k - a potion of haste {unknown}
 n - a potion of invisibility {unknown}


   Skills:
 + Level 4.5 Fighting
 + Level 5.2 Axes
 - Level 2.0 Throwing
 + Level 3.5 Armour
 - Level 3.2 Dodging


You had 4 spell levels left.
You didn't know any spells.
Your spell library contained the following spells:

 Spells                   Type           Power      Damage    Failure   Level
 Magic Dart               Conj           0%         1d3       52%         1
 Searing Ray              Conj           0%         2d4       67%         2
 Fulminant Prism          Conj/Hex       0%         3d5       99%         4


Dungeon Overview and Level Annotations

Branches:
Dungeon (3/15)

Altars:

Shops:
D:2 :

Annotations:
D:3 Grinder


Innate Abilities, Weirdness & Mutations

You have a pair of horns on your head.
You reflexively headbutt those who attack you in melee.


Message History

The gnoll misses you. You furiously retaliate!
You headbutt the gnoll!
You kill the gnoll!
Grinder blinks!
You whack the gnoll!
The gnoll is poisoned.
The gnoll is heavily wounded.
The gnoll hits you with a +0 whip!
You barely miss the gnoll. You punch the gnoll.
The gnoll is severely wounded.
You hit the gnoll. Your headbutt misses the gnoll.
The gnoll is lightly wounded.
You whack the gnoll!
The gnoll is poisoned.
Your headbutt misses the gnoll.
The gnoll is severely wounded.
You kill the gnoll!
The gnoll barely misses you.
You hit the gnoll.
You kill the gnoll!
An orc comes into view. It is wielding a +0 club.
You closely miss the orc. You barely miss the orc. You closely miss the orc.
You headbutt the orc!
You kill the orc!
The hobgoblin hits you but does no damage.
The orc barely misses you. You furiously retaliate!
You headbutt the orc!
You kill the orc!
Items here: )))) ††.
You closely miss the hobgoblin. Grinder gestures at you.
You suddenly lose the ability to move!
The hobgoblin hits you. The orc hits you with a +0 dagger.
The hobgoblin hits you. The orc hits you but does no damage.
The hobgoblin hits you but does no damage.
Grinder gestures at you. Pain shoots through your body!
* * * LOW HITPOINT WARNING * * *
The orc hits you with a +0 dagger.
* * * LOW HITPOINT WARNING * * *
Grinder hits you!
* * * LOW HITPOINT WARNING * * *
You writhe in agony.
You die...

#..## #...>....... ...#
#.##.##.....
.####.####.##.##..... ...
....#...##.....#####.
..#.#.#.........##.###...
#...#....................
.......#..†....###....###
.....<...#5##.#### #..## #
..oo.....#@##.#######..####
......o.#go..##..........)
...g## #.o.#...........###
.###...##.#...........###
......g............<..#
.##....).........÷....#
.......(..######.##†#.#
.......)### #..#.#.##
...#.#)..# ##......###


You could see Grinder, 2 orcs and a hobgoblin.

Vanquished Creatures
  An orc priest (D:3)
  An orc wizard (D:3)
  3 gnolls (D:3)
  6 adders
  7 orcs (D:3)
  4 ball pythons
  3 endoplasms
  5 giant cockroaches
  2 hobgoblins
  3 jackals (D:2)
  4 quokkas (D:1)
  5 bats
  A frilled lizard (D:3)
  4 goblins
  9 kobolds
  2 rats (D:2)
60 creatures vanquished.

Notes
Turn   | Place    | Note
-------+----------+-------------------------------------------
     0 | D:1      | pkoi the Minotaur Gladiator began the quest for the Orb.
     0 | D:1      | Reached XP level 1. HP: 18/18 MP: 0/0
   429 | D:1      | Reached skill level 1 in Armour
   429 | D:1      | Reached XP level 2. HP: 22/25 MP: 1/1
   550 | D:1      | Reached skill level 4 in Axes
   810 | D:2      | Reached XP level 3. HP: 30/31 MP: 2/2
  1023 | D:2      | Found Lucan's Vocational Training.
  1276 | D:2      | Reached XP level 4. HP: 37/39 MP: 3/3
  2005 | D:3      | Identified the +3 whip of Nightmares {venom, rPois rF+
                  | Will+ Dex-4}
  2117 | D:3      | Reached XP level 5. HP: 45/46 MP: 4/4
  2122 | D:3      | Noticed Grinder
  2133 | D:3      | Reached skill level 5 in Axes
  2144 | D:3      | Paralysed by Grinder for 5 turns
  2147 | D:3      | HP: 2/47 [Grinder (7)]
  2147 | D:3      | Slain by Grinder

Illustrated notes

Levels and vault maps discovered:
D:1:      saegor_arrival_fortress, layout_basic
D:2:      layout_basic, nicolae_shop_vocational
D:3:      layout_rooms, nicolae_wu_jian_immortal_techniques,
          kennysheep_generic_room_11, uniq_grinder, uniq_sigmund

Skill      XL: |  1  2  3  4  5 |
---------------+----------------+-----
Armour         | 1 2 3 |  3.5
Axes           | 4 5 |  5.2
Fighting       | 3 4 |  4.5
Throwing       | |  2.0
Dodging        | |  3.2

Action                     |  1- 3 |  4- 6 || total
---------------------------+-------+-------++-------
  Melee: War axe           |    54 |    48 ||   102
         Headbutt          |     3 |     8 ||    11
         Whip              |       |    20 ||    20
         Punch             |       |     2 ||     2
   Stab: Sleeping          |       |     1 ||     1
 Armour: Leather armour    |    15 |    15 ||    30
  Dodge: Dodged            |    39 |    41 ||    80
